 Dungeon Crawl Stone Soup version 0.28-a0-1493-g08698888e4 (webtiles) character file.

Game seed: 6154896647029674620

1534 ders the Fighter (level 8, -4/75 HPs)
             Began as a Minotaur Fighter on Jan 12, 2022.
             Was a Believer of Makhleb.
             Slain by an orc warrior (5 damage)
             ... on level 6 of the Dungeon.
             The game lasted 00:06:33 (6702 turns).

ders the Fighter (Minotaur Fighter)                 Turns: 6702, Time: 00:06:33

Health: -4/75      AC: 10    Str: 22    XL:     8   Next: 55%
Magic:  7/7        EV:  8    Int:  5    God:    Makhleb [**....]
Gold:   190        SH:  0    Dex: 13    Spells: 7/7 levels left

rFire   + . .      SeeInvis .   a - +0 war axe
rCold   . . .      Faith    .   e - +0 kite shield
rNeg    . . .      Spirit   .   b - +0 scale mail
rPois   .          Reflect  .   (helmet restricted)
rElec   +          Harm     .   g - +0 cloak
rCorr   .          Rampage  .   (no gloves)
Will    .....                   p - +0 pair of boots
Stlth   ..........              (no amulet)
HPRegen 0.22/turn               d - ring "Qatrum" {rElec rF+ Dex+2 Stlth+}
MPRegen 0.10/turn               (no ring)

@: confused, lethally poisoned (-4 -> -16)
A: horns 2, retaliatory headbutt
a: Renounce Religion, Minor Destruction


You were on level 6 of the Dungeon.
You worshipped Makhleb.
Makhleb was pleased with you.
You visited 1 branch of the dungeon, and saw 6 of its levels.

You collected 190 gold pieces.

Inventory:

Hand Weapons
 a - a +0 war axe (weapon)
Missiles
 o - a throwing net (quivered)
Armour
 b - a +0 scale mail (worn)
 e - a +0 kite shield (worn)
 g - a +0 cloak (worn)
 p - a +0 pair of boots (worn)
Jewellery
 d - the ring "Qatrum" (left hand) {rElec rF+ Dex+2 Stlth+}
   (You found it on level 4 of the Dungeon)

   [ring of protection from fire]

   Dex:       It affects your dexterity (+2).
   rF:        It protects you from fire.
   rElec:     It insulates you from electricity.
   Stlth:     It makes you more stealthy.
Scrolls
 c - a scroll of blinking {unknown}
 h - a scroll of enchant armour {unknown}
 i - 3 scrolls of identify {unknown}
 j - a scroll of fear {unknown}
 k - a scroll of teleportation {unknown}
 q - a scroll of noise {unknown}
Potions
 f - a potion of mutation {unknown}
 l - 2 potions of curing {unknown}
 m - a potion of berserk rage {unknown}
 n - 2 potions of might


   Skills:
 * Level 8.4 Fighting
 * Level 7.9 Axes
 + Level 6.2 Armour
 + Level 6.1 Shields


You had 7 spell levels left.
You didn't know any spells.
Your spell library contained the following spells:

 Spells                   Type           Power      Damage    Failure   Level
 Scorch                   Fire           0%         2d5       99%         2
 Flame Wave               Conj/Fire      0%         2d4       100%        4
 Iskenderun's Battlesphe  Conj           0%         2d6       100%        5
 Iron Shot                Conj/Erth      0%         9d1       100%        6
 Summon Cactus Giant      Summ           0%         N/A       100%        6
 Spellforged Servitor     Conj/Summ      0%         N/A       100%        7


Dungeon Overview and Level Annotations

Branches:
Dungeon (6/15)             Temple (0/1) D:6

Altars:
Kikubaaqudgha
Makhleb
Vehumet
Xom

Shops:
D:2 (


Innate Abilities, Weirdness & Mutations

You have a pair of horns on your head.
You reflexively headbutt those who attack you in melee.


Message History

An orc wizard comes into view. It is wielding a +2 dagger of venom.
An orc comes into view. It is wielding a +0 flail.
The iguana hisses angrily.
The orc shouts!
The orc warrior zaps a wand.
You suddenly lose the ability to move!
The orc warrior hits you with a +0 halberd!
The orc hits you but does no damage.
An orc comes into view. It is wielding a +0 hand axe.
The orc warrior hits you with a +0 halberd!!
The orc warrior hits you with a +0 halberd.
You hear some strange, mumbled words.
A puff of flame appears from out of thin air!
The puff of flame hits you but does no damage.
The orc warrior zaps a wand.
You resist with some effort.
The orc warrior hits you with a +0 halberd.
* * * LOW HITPOINT WARNING * * *
You can move again.
There is a fountain of clear blue water here.
You hit the orc. You headbutt the orc.
You kill the orc!
Makhleb accepts your kill.
You feel better.
You hit the orc wizard. You closely miss the orc warrior. You slash the iguana!
You miss something. Something hits you but does no damage.
You block the orc warrior's attack. You block the orc wizard's attack.
The iguana barely misses you. You furiously retaliate!
You headbutt the iguana. You block something's attack.
The orc hits you with a +0 flail.
* * * LOW HITPOINT WARNING * * *
The orc wizard hits you with a +2 dagger of venom.
* * * LOW HITPOINT WARNING * * *
You are lethally poisoned!
The iguana bites you but does no damage.
You hear some strange, mumbled words.
You are confused.
The orc warrior hits you with a +0 halberd!
* * * LOW HITPOINT WARNING * * *
* * * LOW HITPOINT WARNING * * *
You feel very sick. The orc completely misses you.
The orc warrior hits you from afar with a +0 halberd.
You die...

..#.##.####.#.# #.
.#.#..#....#.#.######.
.<...#..#.#.#........
##........#.########.
#..8.8.8..#.#######..
##+#+..⌠.⌠..##.#........
......8.>o8....#.#####.#
......oool...###.# #.#
......8@8.8..#... #.#
#........o...#.# #.#
##.............#######.#
.8...#######.#.........#
...#. #.#.######### .. #
#.#.# # . #.#.# # #.#.#
# #.#.# #


You could see an orc warrior, an iguana, an orc wizard and 3 orcs.

Vanquished Creatures
  Menkaure (D:4)
  A sky beast (D:5)
  A black bear (D:5)
  2 ogres
  A centaur (D:5)
  A bullfrog (D:6)
  A gnoll sergeant (D:5)
  2 scorpions
  A wyvern zombie (D:5)
  A water moccasin zombie (D:5)
  A water moccasin skeleton (D:5)
  A crimson imp (D:3)
  2 orc priests
  2 centaur skeletons
  A hound (D:4)
  3 iguanas
  4 orc wizards
  A hound skeleton (D:4)
  5 gnolls (D:5)
  8 adders
  A shadow imp (D:6)
  2 adder skeletons (D:4)
  A worm (D:3)
  A dart slug (D:1)
  14 orcs
  7 endoplasms
  2 giant cockroaches
  7 goblins
  5 hobgoblins
  4 jackals (D:4)
  4 quokkas
  6 ball pythons
  3 bats
  4 frilled lizards
  11 kobolds
  5 rats
117 creatures vanquished.

Notes
Turn   | Place    | Note
-------+----------+-------------------------------------------
     0 | D:1      | ders the Minotaur Fighter began the quest for the Orb.
     0 | D:1      | Reached XP level 1. HP: 19/19 MP: 0/0
   142 | D:1      | Reached skill level 4 in Fighting
   147 | D:1      | Reached XP level 2. HP: 27/27 MP: 1/1
  1385 | D:2      | Found Bocil's Weapon Emporium.
  1394 | D:2      | Reached XP level 3. HP: 34/34 MP: 2/2
  2146 | D:3      | Reached XP level 4. HP: 3/41 MP: 3/3
  2749 | D:3      | Found a burning altar of Makhleb.
  2749 | D:3      | Found a shimmering altar of Xom.
  2754 | D:3      | Reached skill level 5 in Fighting
  2754 | D:3      | Reached XP level 5. HP: 45/48 MP: 4/4
  2762 | D:3      | Became a worshipper of Makhleb the Destroyer
  2854 | D:3      | Found a radiant altar of Vehumet.
  3394 | D:4      | Noticed Menkaure
  3403 | D:4      | Killed Menkaure
  3404 | D:4      | Reached skill level 5 in Axes
  3404 | D:4      | Reached XP level 6. HP: 4/57 MP: 5/5
  3773 | D:4      | Reached skill level 6 in Fighting
  3857 | D:4      | Identified the ring "Qatrum" {rElec rF+ Dex+2 Stlth+}
  3999 | D:4      | Reached * piety under Makhleb
  4538 | D:5      | Entered Level 5 of the Dungeon
  4540 | D:5      | Noticed a sky beast
  4549 | D:5      | Killed a sky beast
  4550 | D:5      | Reached skill level 5 in Armour
  4550 | D:5      | Reached skill level 5 in Shields
  4550 | D:5      | Reached XP level 7. HP: 59/64 MP: 6/6
  4672 | D:5      | Reached skill level 7 in Fighting
  5696 | D:5      | Reached XP level 8. HP: 66/73 MP: 7/7
  5888 | D:5      | Reached ** piety under Makhleb
  5964 | D:5      | Reached skill level 8 in Fighting
  6351 | D:6      | Found an ancient bone altar of Kikubaaqudgha.
  6685 | D:6      | Found a staircase to the Ecumenical Temple.
  6694 | D:6      | Paralysed by an orc warrior for 6 turns
  6702 | D:6      | HP: 1/75 [poisoned by an orc wizard]
  6702 | D:6      | Slain by an orc warrior

Illustrated notes

Levels and vault maps discovered:
D:1:      heliophobic_arrival_ceremonial_halls, layout_basic
D:2:      layout_basic, serial_shops, shop, shapermc_ecumenical_altar_petra
D:3:      layout_rooms, grunt_temple_overflow_champion_of_chaos,
          marbit_many_paths, kennysheep_generic_room_6
D:4:      minmay_octagon_keep, layout_layer_cave, uniq_menkaure
D:5:      layout_gridville
D:6:      layout_basic, jmf_multi_god_temple, amcnicky_altar_gilded,
          minmay_temple_entry_statues_fountains,
          hangedman_abyss_or_decor_lesser_grid

Skill      XL: |  1  2  3  4  5  6  7  8 |
---------------+-------------------------+-----
Fighting       | 4 5 6 7 8 |  8.4
Axes           | 3 4 5 6 7 |  7.9
Armour         | 4 5 6 |  6.2
Shields        | 4 5 6 |  6.1

Action                   |  1- 3 |  4- 6 |  7- 9 || total
-------------------------+-------+-------+-------++-------
Melee: War axe           |    76 |   103 |   115 ||   294
       Headbutt          |     8 |    15 |    22 ||    45
  Use: Potion            |       |     1 |       ||     1
Armor: Scale mail        |    33 |    54 |    48 ||   135
Dodge: Dodged            |    32 |    27 |    51 ||   110
Block: Kite shield       |    37 |    49 |    68 ||   154

Table legend: (Time is in decaauts)
 A = Elapsed time spent in this place.
 B = Non-inter-level travel time spent in this place.
 C = Inter-level travel time spent in this place.
 D = Time resting spent in this place.
 E = Time spent auto-exploring this place.
 F = Levels seen in this place.
 G = Mean time per level.
                   A        B        C        D        E       F      G
               +--------+--------+--------+--------+--------+-----+--------+
         Total |   6819 |   6580 |    239 |   1940 |   3779 |   6 | 1136.5 |
       Dungeon |   6819 |   6580 |    239 |   1940 |   3779 |   6 | 1136.5 |
               +--------+--------+--------+--------+--------+-----+--------+

Top non-repeatable levels by time:
     D:4: 2356 daAuts
     D:1: 1242 daAuts
     D:2: 1207 daAuts
     D:5: 1088 daAuts
     D:3: 496 daAuts
     D:6: 428 daAuts
